 Dungeon Crawl Stone Soup version 0.19.1 (webtiles) character file.

268 Dolanko the Bolt Thrower (level 6, -1/38 HPs)
             Began as a Kobold Hunter on Dec 27, 2016.
             Slain by a river rat (6 damage)
             ... in a sewer.
             The game lasted 00:09:25 (3065 turns).

Dolanko the Bolt Thrower (Kobold Hunter)            Turns: 3065, Time: 00:09:26

Health: -1/38      AC:  6    Str: 10    XL:     6   Next: 46%
Magic:  6/6        EV: 14    Int: 12    God:
Gold:   162        SH:  0    Dex: 17    Spells: 0 memorised, 5 levels left

rFire  . . .     SeeInvis .     b - +1 rapier (holy)
rCold  . . .     Gourm    .     p - +1 ring mail {MR+}
rNeg   . . .     Faith    .     (shield restricted)
rPois  .         Spirit   .     (no helmet)
rElec  .         Reflect  .     (no cloak)
rCorr  .         Harm     .     (no gloves)
MR     +....                    (no boots)
Stlth  +.........               (no amulet)
                                (no ring)
                                (no ring)

@: no status effects
A: carnivore 3
a: no special abilities


You were in a sewer.
You were full.

You visited 1 branch of the dungeon, and saw 4 of its levels.
You also visited: Sewer.

You collected 162 gold pieces.

Inventory:

Hand Weapons
 a - a +1 hand crossbow
 b - a +1 rapier of holy wrath (weapon)
Missiles
 d - 55 bolts
Armour
 p - a +1 ring mail of magic resistance (worn)
Scrolls
 c - a scroll of enchant weapon {unknown}
 e - a scroll of amnesia {unknown}
 g - a scroll of random uselessness {unknown}
 h - 2 scrolls of identify
 i - 2 scrolls of immolation {unknown}
 k - a scroll of magic mapping {unknown}
Potions
 l - a potion of curing {unknown}
 m - a potion of flight {unknown}
 n - a potion of heal wounds {unknown}
 o - a potion of invisibility {unknown}
Comestibles
 f - 2 meat rations
 j - a slice of pizza


   Skills:
 + Level 3.8 Fighting
 - Level 4.6 Short Blades
 * Level 5.9 Crossbows
 + Level 3.7 Dodging
 - Level 1.3 Stealth


You had 5 spell levels left.
You didn't know any spells.

Dungeon Overview and Level Annotations

Branches:
Dungeon (4/15)
 Temple: D:4-7

Altars:
Dithmenos
Sif Muna
Trog
Xom


Innate Abilities, Weirdness & Mutations

You are small and have problems with some larger weapons.
You are carnivorous and can eat meat at any time.


Message History

You are too injured to fight recklessly!
You are too injured to fight recklessly!
You are too injured to fight recklessly!
You are too injured to fight recklessly!
You are too injured to fight recklessly!
You are too injured to fight recklessly!
You are too injured to fight recklessly!
You are too injured to fight recklessly!
You are too injured to fight recklessly!
You are too injured to fight recklessly!
The river rat bites you!
* * * LOW HITPOINT WARNING * * *
The river rat closely misses you.
The river rat twitches its whiskers.
The river rat bites you but does no damage.
The river rat misses you. Why would you want to do that?
The river rat barely misses you. The river rat misses you.
The river rat bites you.
You die...

.. #.. #...
####################....
###..≈≈≈≈≈≈.@r≈≈≈≈≈≈......
##....≈≈≈≈≈≈≈≈r≈≈≈≈≈≈≈.....
#.....≈≈≈≈≈≈#≈≈≈r≈≈≈≈......
#....≈≈≈≈≈≈≈≈≈≈≈≈Jr≈≈.....#
##...%≈≈≈≈≈≈≈≈≈≈≈≈≈≈≈≈....##
#.....#≈≈≈≈≈≈≈≈≈≈≈≈≈≈≈..###
#....####################
##...## #...##


You could see an ooze, 2 river rats and 2 rats.

Vanquished Creatures
  Terence (D:3)
  4 gnolls (D:2)
  2 river rats (Sewer)
  11 adders
  A dart slug (D:2)
  2 leopard geckos
  2 orcs (D:3)
  A giant cockroach (D:3)
  8 hobgoblins
  16 jackals
  7 kobolds
  2 quokkas
  A ball python (D:3)
  6 bats
  6 frilled lizards
  5 goblins
  17 rats
92 creatures vanquished.

Notes
Turn   | Place    | Note
-------+----------+-------------------------------------------
     0 | D:1      | Dolanko the Kobold Hunter began the quest for the Orb.
     0 | D:1      | Reached XP level 1. HP: 12/12 MP: 1/1
    63 | D:1      | Reached XP level 2. HP: 18/18 MP: 2/2
   105 | D:1      | Reached skill level 1 in Short Blades
   392 | D:1      | Reached skill level 5 in Crossbows
   397 | D:1      | Reached XP level 3. HP: 19/22 MP: 3/3
   865 | D:2      | Found a shadowy altar of Dithmenos.
  1136 | D:2      | Reached XP level 4. HP: 22/27 MP: 2/4
  1547 | D:2      | Reached XP level 5. HP: 32/32 MP: 5/5
  2008 | D:3      | Found a bloodstained altar of Trog.
  2169 | D:3      | Found a shimmering altar of Xom.
  2171 | D:3      | Found a deep blue altar of Sif Muna.
  2199 | D:3      | Noticed Terence
  2205 | D:3      | Killed Terence
  2387 | D:3      | Reached XP level 6. HP: 37/37 MP: 6/6
  2779 | D:4      | Found a glowing drain.
  2784 | Sewer    | Entered a sewer
  3065 | Sewer    | Slain by a river rat

Skill      XL: |  1  2  3  4  5 |
---------------+----------------+-----
Short Blades   | 2 3 4 |  4.6
Crossbows      | 5 |  5.9
Dodging        | 3 |  3.7
Fighting       | 3 |  3.8
Stealth        | |  1.3

Action                   |  1- 3 |  4- 6 || total
-------------------------+-------+-------++-------
Melee: Short sword       |    39 |     2 ||    41
       Rapier            |       |    81 ||    81
 Fire: Hand crossbow     |    53 |   108 ||   161
  Use: Scroll            |       |     2 ||     2
 Stab: Sleeping          |     1 |       ||     1
  Eat: Chunk             |     9 |     3 ||    12
Armor: Leather armour    |    13 |     9 ||    22
       Ring mail         |       |    30 ||    30
Dodge: Dodged            |    52 |   100 ||   152
